 Dungeon Crawl Stone Soup version 0.21.1-1-g345015f (webtiles) character file.

42 Monsterracer the Firebug (level 3, -1/19 HPs)
             Began as a Deep Elf Fire Elementalist on June 7, 2018.
             Slain by a gnoll
             ... wielding a +0 spear
              (3 damage)
             ... on level 2 of the Dungeon.
             The game lasted 00:01:17 (1468 turns).

Monsterracer the Firebug (DEFE)                     Turns: 1468, Time: 00:01:18

Health: -1/19      AC:  2    Str:  5    XL:     3   Next: 35%
Magic:  19/19      EV: 13    Int: 20    God:
Gold:   110        SH:  0    Dex: 15    Spells: 5/9 levels left

rFire    . . .     SeeInvis .   d - +0 dagger
rCold    . . .     Gourm    +   (no shield)
rNeg     . . .     Faith    .   a - +0 robe
rPois    .         Spirit   .   (no helmet)
rElec    .         Reflect  .   (no cloak)
rCorr    +         Harm     .   (no gloves)
MR       .....                  (no boots)
Stlth    ++........             g - amulet of the gourmand
HPRegen  0.06/turn              e - ring of resist corrosion
MPRegen  0.16/turn              k - ring of magical power

@: no status effects
A: no striking features
a: no special abilities


You were on level 2 of the Dungeon.
You were hungry.

You visited 1 branch of the dungeon, and saw 2 of its levels.

You collected 110 gold pieces.

Inventory:

Hand Weapons
 d - a +0 dagger (weapon)
Armour
 a - a +0 robe (worn)
Jewellery
 e - a ring of resist corrosion (left hand)
 g - an amulet of the gourmand (around neck)
 k - a ring of magical power (right hand)
Scrolls
 f - a scroll of fear {unknown}
 i - a scroll of fog {unknown}
 j - a scroll of remove curse {unknown}
 l - a scroll of teleportation {unknown}
Potions
 h - a potion of brilliance {unknown}
 m - 2 potions of curing {unknown}
Books
 b - a book of Flames

   Spells                             Type                      Level
   a - Flame Tongue                   Conjuration/Fire             1
   b - Throw Flame                    Conjuration/Fire             2
   c - Conjure Flame                  Conjuration/Fire             3
   d - Inner Flame                    Hexes/Fire                   3
   e - Sticky Flame                   Conjuration/Fire             4
   f - Fireball                       Conjuration/Fire             5
Comestibles
 c - 3 rations


   Skills:
 - Level 2.4 Dodging
 - Level 2.4 Stealth
 + Level 3.5 Spellcasting
 * Level 2.4 Conjurations
 * Level 4.0 Fire Magic


You had 5 spell levels left.
You knew the following spells:

 Your Spells              Type           Power        Failure   Level  Hunger
a - Flame Tongue          Conj/Fire      ###..        3%          1    None
b - Conjure Flame         Conj/Fire      ###.....     11%         3    ###....


Dungeon Overview and Level Annotations

Branches:
Dungeon (2/15)

Altars:


Message History

Aiming: Flame Tongue
Press: ? - help, Shift-Dir - straight line, f - gnoll
Aim: a gnoll, wielding a halberd The flame tongue hits the gnoll.
The gnoll is heavily wounded.
Casting: Flame Tongue
Confirm with . or Enter, or press ? or * to list all spells.
Aiming: Flame Tongue
Press: ? - help, Shift-Dir - straight line, f/p - gnoll
Aim: a gnoll, wielding a halberd (heavily wounded)
The flame tongue hits the gnoll.
The gnoll is almost dead.
The gnoll barely misses you.
You now have 15/17 mp.
Casting: Flame Tongue
Confirm with . or Enter, or press ? or * to list all spells.
Aiming: Flame Tongue
Press: ? - help, Shift-Dir - straight line, f/p - gnoll
Aim: a gnoll, wielding a halberd (almost dead)
The flame tongue hits the gnoll.
You kill the gnoll!
You have reached level 3!
Your experience leads to an increase in your attributes!
Increase (S)trength, (I)ntelligence, or (D)exterity?
You feel clever.
Health restored: 19 You now have 14/18 mp.
Casting: Flame Tongue
Confirm with . or Enter, or press ? or * to list all spells.
Aiming: Flame Tongue
Press: ? - help, Shift-Dir - straight line, f - gnoll
Aim: a gnoll, wielding a whip The flame tongue hits the gnoll.
The gnoll is heavily wounded.
You now have 13/18 mp.
Casting: Flame Tongue
Confirm with . or Enter, or press ? or * to list all spells.
Aiming: Flame Tongue
Press: ? - help, Shift-Dir - straight line, f/p - gnoll
Aim: a gnoll, wielding a whip (moderately wounded)
The flame tongue hits the gnoll.
The gnoll is severely wounded.
You now have 12/18 mp.
Casting: Flame Tongue
Confirm with . or Enter, or press ? or * to list all spells.
Aiming: Flame Tongue
Press: ? - help, Shift-Dir - straight line, f/p - gnoll
Aim: a gnoll, wielding a whip (severely wounded)
You miscast Flame Tongue.
You are very lightly contaminated with residual magic.
You hear a sizzling sound.
The gnoll hits you with a whip!
Ouch! That really hurt!
* * * LOW HITPOINT WARNING * * *
You take 10 damage, and have 9/19 hp.
MASSIVE DAMAGE!!
Casting: Flame Tongue
Confirm with . or Enter, or press ? or * to list all spells.
Aiming: Flame Tongue
Press: ? - help, Shift-Dir - straight line, f/p - gnoll
Aim: a gnoll, wielding a whip (severely wounded)
The flame tongue hits the gnoll.
You kill the gnoll!
Your Fire Magic skill increases to level 4!
You now have 11/19 mp.
Memorise Conjure Flame, consuming 3 spell levels and leaving 5?
You start memorising the spell.
You continue memorising. x3
You finish memorising.
Spell assigned to 'b'.
Your magical contamination has completely faded away.
You regained 2 hp, and now have 12/19 hp.
MP restored: 19 A gnoll is nearby!
A gnoll is nearby!
Things that are here:
a whip; a gnoll corpse You see here a halberd.
Casting: Flame Tongue
Confirm with . or Enter, or press ? or * to list all spells.
Aiming: Flame Tongue
Press: ? - help, Shift-Dir - straight line, f - gnoll
Aim: a gnoll, wielding a halberd of protection (hasn't noticed you)
The flame tongue misses the gnoll.
The gnoll shouts!
You now have 18/19 mp.
Casting: Flame Tongue
Confirm with . or Enter, or press ? or * to list all spells.
Aiming: Flame Tongue
Press: ? - help, Shift-Dir - straight line, f/p - gnoll
Aim: a gnoll, wielding a halberd of protection The flame tongue hits the gnoll.
The gnoll appears unharmed.
The gnoll hits you from afar with a halberd of protection!
Ouch! That really hurt!
* * * LOW HITPOINT WARNING * * *
You take 12 damage, and have 1/19 hp.
MASSIVE DAMAGE!!
You now have 17/19 mp.
Things that are here:
a whip; a gnoll corpse You are feeling hungry.
MP restored: 19 A gnoll comes into view.
It is wielding a spear.
The gnoll hits you from afar with a spear.
You die...

.. #.##.#.#########
#.##.## #.......... #.#
..#.# #..######## #.#
#.#.# #..# #.# #.#.# #..#
# #.#####...####..#
#.#######.#.....g.......#
#.........#+####........#
#............@.g####.##
#...........###..# #†#
#...........# #..###.#
##...........# #...##.#
+.........##<# #.#.##.#
#####.....#### #.#..#.#
#.....# #.##.#.# #.....#
#.##...# +.....# #.###..#


You could see 2 gnolls.

Vanquished Creatures
  2 gnolls (D:2)
  A dart slug (D:1)
  A giant cockroach (D:1)
  3 goblins
  2 hobgoblins (D:1)
  3 jackals (D:1)
  2 kobolds (D:1)
  A quokka (D:2)
  2 bats (D:1)
  2 frilled lizards (D:1)
19 creatures vanquished.

Notes
Turn   | Place    | Note
-------+----------+-------------------------------------------
     0 | D:1      | Monsterracer the Deep Elf Fire Elementalist began the quest for the Orb.
     0 | D:1      | Reached XP level 1. HP: 10/10 MP: 6/6
    96 | D:1      | HP: 3/10 [jackal (3)]
    99 | D:1      | HP: 1/10 [jackal (2)]
   105 | D:1      | HP: 1/10 [jackal (1)]
   421 | D:1      | Reached XP level 2. HP: 15/15 MP: 6/8
  1393 | D:2      | Reached XP level 3. HP: 19/19 MP: 9/9
  1397 | D:2      | HP: 9/19 [gnoll/whip (10)]
  1398 | D:2      | Reached skill level 4 in Fire Magic
  1403 | D:2      | Learned a level 3 spell: Conjure Flame
  1453 | D:2      | HP: 1/19 [gnoll/halberd of protection (12)]
  1468 | D:2      | Slain by a gnoll

Skill      XL: |  1  2  3 |
---------------+----------+-----
Conjurations   | 2 |  2.4
Fire Magic     | 4 |  4.0
Dodging        | |  2.4
Stealth        | |  2.4
Spellcasting   | |  3.5

Action                   || total
-------------------------++-------
Melee: Dagger            ||     7
 Cast: Flame Tongue      ||    37
  Eat: Chunk             ||     1
Armor: Robe              ||     3
Dodge: Dodged            ||    17

Vault maps used:
D:1:      co_arrival_square_in_a_square_in_a_square, minmay_misc_feat_enclosed,
          due_unseen_surprise
D:2:      first_ration, minmay_shallow_snake_nest, uniq_sigmund
